 Dungeon Crawl Stone Soup version 0.22-a0-32-ga749362 (webtiles) character file.

26 gmonis the Digger (level 3, -1/19 HPs)
             Began as a Gargoyle Earth Elementalist on Jan 3, 2018.
             Slain by Natasha (4 damage)
             ... on level 2 of the Dungeon.
             The game lasted 00:13:33 (1475 turns).

gmonis the Digger (Gargoyle Earth Elementalist)     Turns: 1475, Time: 00:13:34

Health: -1/19      AC:  5    Str: 11    XL:     3   Next: 8%
Magic:  1/6        EV: 12    Int: 16    God:
Gold:   37         SH:  0    Dex: 10    Spells: 3/7 levels left

rFire    . . .     SeeInvis .   j - +0 hunting sling
rCold    . . .     Gourm    .   (no shield)
rNeg     + . .     Faith    .   c - +0 robe
rPois    ∞         Spirit   .   (no helmet)
rElec    +         Reflect  .   (no cloak)
rCorr    .         Harm     .   (no gloves)
MR       .....                  (no boots)
Stlth    ++........             (no amulet)
HPRegen  0.06/turn              (no ring)
MPRegen  0.10/turn              (no ring)

@: very slightly contaminated, slowed, very slow
A: negative energy resistance 1, electricity resistance, unbreathing,
petrification resistance, rot immunity, AC +3
a: no special abilities


You were on level 2 of the Dungeon.
You were hungry.

You visited 1 branch of the dungeon, and saw 2 of its levels.

You collected 37 gold pieces.

Inventory:

Hand Weapons
 j - a +0 hunting sling (weapon)
Missiles
 b - 55 stones (quivered)
Armour
 c - a +0 robe (worn)
Scrolls
 f - 2 scrolls of identify {unknown}
 h - a scroll of immolation {unknown}
 i - a scroll of teleportation {unknown}
 k - a scroll of enchant weapon {unknown}
 m - a scroll of noise {unknown}
 n - a scroll of remove curse {unknown}
Potions
 a - a potion of haste {unknown}
 g - a potion of might {unknown}
 l - a potion of resistance {unknown}
Books
 e - a book of Geomancy

   Spells                             Type                      Level
   a - Sandblast                      Earth                        1
   b - Passwall                       Transmutation/Earth          2
   c - Stone Arrow                    Conjuration/Earth            3
   d - Petrify                        Transmutation/Earth          4
   e - Lee's Rapid Deconstruction     Earth                        5
Comestibles
 d - 3 rations


   Skills:
 - Level 1.7 Dodging
 + Level 2.2 Stealth
 - Level 0.2 Unarmed Combat
 + Level 2.5 Spellcasting
   Level 0.7 Transmutations
 + Level 4.3 Earth Magic


You had 3 spell levels left.
You knew the following spells:

 Your Spells              Type           Power        Failure   Level  Hunger
a - Sandblast             Erth           ###...       3%          1    #......
b - Stone Arrow           Conj/Erth      #.....       24%         3    ###....


Dungeon Overview and Level Annotations

Branches:
Dungeon (2/15)

Altars:

Annotations:
D:2 Natasha


Innate Abilities, Weirdness & Mutations

You are resistant to torment.
Your stone body is resilient. (AC +3)
You are immune to poison.
You resist negative energy. (rN+)
You are resistant to electric shocks. (rElec)
You can survive without breathing.
You are immune to petrification.
You are immune to rotting.


Message History

* * * LOW HITPOINT WARNING * * *
Really attack while wielding your +0 hunting sling? [Y]es or [N]o only, please.
Really attack while wielding your +0 hunting sling? [Y]es or [N]o only, please.
Really attack while wielding your +0 hunting sling? [Y]es or [N]o only, please.
Really attack while wielding your +0 hunting sling?
You completely miss Natasha.
Natasha is heavily wounded.
Natasha hisses.
Natasha claws you but does no damage. Natasha barely misses you.
You closely miss Natasha.
Natasha is heavily wounded.
Natasha barely misses you.
Natasha mumbles some strange words.
You clumsily bash Natasha but do no damage.
Natasha is heavily wounded.
Natasha claws you.
You die...

.......
..$..#.
.......
.......
##.......
#.5......
#.# #h# #@#
#.# ######
#.# .....#
#.# .###.#
#.# .# #.#
#.# .#
#.#### #.#
.# #...<#
#.#########
.######.#
#.........#


You could see Natasha and a crimson imp.

Vanquished Creatures
  A dart slug (D:1)
  A leopard gecko (D:1)
  A giant cockroach (D:1)
  2 goblins (D:1)
  2 hobgoblins (D:1)
  2 jackals (D:1)
  2 bats (D:1)
  3 frilled lizards (D:1)
  4 kobolds
  6 rats (D:1)
24 creatures vanquished.

Notes
Turn   | Place    | Note
-------+----------+-------------------------------------------
     0 | D:1      | gmonis the Gargoyle Earth Elementalist began the quest for the Orb.
     0 | D:1      | Reached XP level 1. HP: 10/10 MP: 3/3
   190 | D:1      | Reached skill level 4 in Earth Magic
   251 | D:1      | Reached XP level 2. HP: 15/15 MP: 3/5
  1090 | D:1      | Reached XP level 3. HP: 19/19 MP: 4/6
  1156 | D:1      | Learned a level 3 spell: Stone Arrow
  1466 | D:2      | Noticed Natasha
  1475 | D:2      | Slain by Natasha

Vault maps used:
D:1:      lightli_arrival_statue_moat, minmay_heptomino_h4
D:2:      uniq_sigmund, uniq_natasha

Skill      XL: |  1 |
---------------+----+-----
Earth Magic    | 4 |  4.3
Dodging        | |  1.7
Stealth        | |  2.2
Unarmed Combat | |  0.2
Spellcasting   | |  2.5
Transmutations | |  0.7

Action                   || total
-------------------------++-------
Melee: Unarmed           ||    11
       Hunting sling     ||     3
 Fire: Hunting sling     ||     3
Throw: Stone             ||     8
 Cast: Sandblast         ||    38
       Stone Arrow       ||     1
  Eat: Chunk             ||     2
Armor: Robe              ||     9
Dodge: Dodged            ||    20

Table legend:
 A = Spawn XP
 B = Non-spawn XP
 C = Spawn XP percentage of total XP
 D = Spawn monster count
 E = Non-spawn monster count
 F = Spawn count percentage of total count
 G = Total turns spent on level
                    A         B        C        D         E        F      G
               +---------+---------+-------+---------+---------+-------+---------
         Total |       0 |      38 |   0.0 |       0 |      24 |   0.0 |  1475
               +---------+---------+-------+---------+---------+-------+---------
           D:1 |       0 |      37 |   0.0 |       0 |      23 |   0.0 |  1328
           D:2 |       0 |       1 |   0.0 |       0 |       1 |   0.0 |   147
               +---------+---------+-------+---------+---------+-------+---------
